 Dungeon Crawl Stone Soup version 0.21.0-30-g47ce8e4cbb (webtiles) character file.

123 Fascinator the Skirmisher (level 4, -3/42 HPs)
             Began as a Minotaur Abyssal Knight on Jan 29, 2018.
             Was a Believer of Lugonu.
             Slain by a gnoll
             ... wielding a +0 halberd
              (5 damage)
             ... on level 2 of the Dungeon.
             The game lasted 00:08:38 (2334 turns).

Fascinator the Skirmisher (Minotaur Abyssal Knight) Turns: 2334, Time: 00:08:38

Health: -3/42      AC:  9    Str: 18    XL:     4   Next: 80%
Magic:  4/4        EV:  7    Int:  9    God:    Lugonu [**....]
Gold:   93         SH:  0    Dex:  9    Spells: 3/3 levels left

rFire    . . .     SeeInvis .   a - +1 falchion
rCold    . . .     Gourm    .   (no shield)
rNeg     . . .     Faith    .   m - +0 chain mail
rPois    .         Spirit   .   (helmet restricted)
rElec    .         Reflect  .   (no cloak)
rCorr    .         Harm     .   (no gloves)
MR       .....                  (no boots)
Stlth    ..........             (no amulet)
HPRegen  0.14/turn              (no ring)
MPRegen  0.09/turn              (no ring)

@: no status effects
A: retaliatory headbutt, horns 2
a: Depart the Abyss, Bend Space, Renounce Religion


You were on level 2 of the Dungeon.
You worshipped Lugonu.
Lugonu was pleased with you.
You were hungry.

You visited 1 branch of the dungeon, and saw 3 of its levels.
You visited the Abyss 1 time.

You collected 93 gold pieces.

Inventory:

Hand Weapons
 a - a +1 falchion (weapon)
Armour
 m - a +0 chain mail (worn)
Jewellery
 l - a +4 ring of strength {unknown}
 o - a +3 ring of evasion {unknown}
Scrolls
 d - a scroll of magic mapping {unknown}
 e - 4 scrolls of identify {unknown}
 g - a scroll of enchant weapon {unknown}
 i - a scroll of remove curse {unknown}
 j - 2 scrolls of amnesia {unknown}
 n - a scroll of enchant armour {unknown}
Potions
 b - a potion of curing {unknown}
 f - 2 potions of might {unknown}
 h - a potion of mutation {unknown}
 k - a potion of haste {unknown}
 p - a potion of brilliance {unknown}
 r - a potion of heal wounds {unknown}
Comestibles
 c - 3 rations


   Skills:
 + Level 5.1 Fighting
 + Level 4.0 Long Blades
 + Level 3.2 Armour
 + Level 1.7 Dodging
 - Level 0.1 Stealth
 + Level 1.8 Invocations


You had 3 spell levels left.
You didn't know any spells.

Dungeon Overview and Level Annotations

Branches:
Dungeon (3/15)

Altars:


Innate Abilities, Weirdness & Mutations

You reflexively headbutt those who attack you in melee.
You have a pair of horns on your head.


Message History

Your Long Blades skill increases to level 4!
The gnoll hits you but does no damage.
You barely miss the gnoll. The gnoll hits you with a halberd.
* * * LOW HITPOINT WARNING * * *
The gnoll hits you but does no damage.
You hit the gnoll.
The gnoll is moderately wounded.
The gnoll hits you with a halberd.
* * * LOW HITPOINT WARNING * * *
The gnoll hits you but does no damage.
You closely miss the gnoll. You headbutt the gnoll!
The gnoll is almost dead.
The gnoll hits you from afar with a spear.
* * * LOW HITPOINT WARNING * * *
The gnoll closely misses you.
You riposte.
You closely miss the gnoll.
The gnoll is almost dead.
You completely miss the gnoll.
The gnoll is almost dead.
The gnoll closely misses you. The gnoll hits you with a halberd.
You die...

#.# #..######## #...# #.##.##.
#.# #..# #...# #.##.##. #.#
#..#### #...# #.##.... ..#
#.....#######)..######.#####. ..#
#..<..#.......>.........# #. ..#
##......................####. .##
###.##...<..g............... .#
#.########g#.########.#### ## #.#
##@###.## ####.#### #.# #.## ##.#
#......#. #.# ##.###..# #.##.#.#.
#### #.# #..#.#.# #.##..... ...#
#.# #....#.# #.####.#.
.#.#####.#### #.#....###.####.#.
............####........#......#.
.#>###................#.########.
.#.# #.##...####...........# ##


You could see 2 gnolls.

Vanquished Creatures
  2 gnolls (D:2)
  3 adders (D:2)
  2 oozes (D:1)
  A dart slug (D:1)
  2 leopard geckos (D:1)
  An orc (D:2)
  A giant cockroach (D:2)
  8 goblins
  8 hobgoblins
  8 jackals (D:1)
  3 ball pythons
  6 bats
  3 frilled lizards
  5 kobolds (D:1)
  6 rats
59 creatures vanquished.

Notes
Turn   | Place    | Note
-------+----------+-------------------------------------------
     0 | Abyss:1  | Fascinator the Minotaur Abyssal Knight began the quest for the Orb.
     0 | Abyss:1  | Reached XP level 1. HP: 19/19 MP: 1/1
   143 | Abyss:1  | Noticed a starcursed mass
   144 | D:1      | Escaped the Abyss
   348 | D:1      | Reached skill level 4 in Fighting
   362 | D:1      | Reached XP level 2. HP: 24/27 MP: 2/2
   398 | D:1      | Reached * piety under Lugonu
   459 | D:1      | Reached XP level 3. HP: 29/34 MP: 3/3
   768 | D:1      | Reached ** piety under Lugonu
   878 | D:1      | Reached skill level 5 in Fighting
  1495 | D:2      | Reached XP level 4. HP: 30/42 MP: 4/4
  2333 | D:2      | HP: 2/42 [gnoll/spear (5)]
  2334 | D:2      | Slain by a gnoll

Skill      XL: |  1  2  3  4 |
---------------+-------------+-----
Fighting       | 4 5 |  5.1
Long Blades    | 3 4 |  4.0
Armour         | 3 |  3.2
Dodging        | |  1.7
Stealth        | |  0.1
Invocations    | |  1.8

Action                   |  1- 3 |  4- 6 || total
-------------------------+-------+-------++-------
Melee: Falchion          |    75 |    43 ||   118
       Headbutt          |    10 |    10 ||    20
Invok: Depart the Abyss  |     1 |       ||     1
       Bend Space        |     1 |       ||     1
  Eat: Chunk             |     2 |     2 ||     4
Armor: Leather armour    |    15 |     1 ||    16
       Chain mail        |       |    30 ||    30
Dodge: Dodged            |    45 |    20 ||    65
       Rpst.: Falchion   |    13 |     9 ||    22
